AoeStats
← DJANGO

Arabia

510587584Analyzed
1v1 RM · 11h ago on Oct 1, 2026· 63m 0s· 2 players
Game mode
Random Map
Map size
Tiny (2 player)
Population
200
Speed
Normal
Resources
Standard
Victory
Conquest
Starting age
Dark Age
Ending age
Imperial Age
RankedLock teamsTeams togetherTeam positionsShared explorationLock speedFull tech treeHidden civsTurbo modeCheats
Victory
Defeat
🇵🇪 Britons · Peru
857
+18
🇺🇸 Armenians · United States
894
-18
DJANGO
0:55 Loom
11:56 Feudal Age
12:22 Double-Bit Axe
12:21 Horse Collar
19:01 Gold Mining
19:01 Stone Mining
21:28 Castle Age
22:43 Bow Saw
22:35 Heavy Plow
23:52 Wheelbarrow
26:59 Pikeman
27:39 Squires
32:55 Hand Cart
33:17 Fletching
33:31 Padded Archer Armor
34:34 Man-at-Arms
35:00 Gambesons
35:38 Leather Archer Armor
36:54 Gold Shaft Mining
36:51 Yeomen
36:47 Forging
41:00 Imperial Age
38:46 Long Swordsman
39:30 Bodkin Arrow
40:39 Iron Casting
39:54 Town Watch
41:08 Scale Mail Armor
42:52 Two-Man Saw
41:19 Elite Longbowman
42:23 Bracer
42:56 Ring Archer Armor
42:48 Ballistics
42:47 Town Patrol
43:24 Conscription
43:29 Fortified Wall
43:24 Herbal Medicine
44:36 Chemistry
44:49 Blast Furnace
44:16 Two-Handed Swordsman
45:32 Chain Mail Armor
47:07 Plate Mail Armor
46:24 Champion
46:50 Arson
47:30 Capped Ram
49:33 Block Printing
49:09 Halberdier
50:02 Husbandry
51:48 Hoardings
51:26 Scale Barding Armor
51:10 Arrowslits
TripleCloth7217
0:40 Loom
10:38 Feudal Age
16:23 Castle Age
21:43 Fervor
21:54 Sanctity
22:02 Scale Mail Armor
24:16 Forging
25:54 Chain Mail Armor
27:00 Iron Casting
33:33 Imperial Age
35:21 Capped Ram
40:59 Fletching
41:12 Padded Archer Armor
42:39 Plate Mail Armor
43:27 Bodkin Arrow
45:50 Blast Furnace
45:53 Bracer
47:32 Fereters
48:53 Leather Archer Armor
49:29 Elite Skirmisher
51:46 Ring Archer Armor
53:10 Chemistry
54:22 Siege Ram
Connection lost

Rejoining the realm…

Still unreachable

The connection could not be restored.

Session expired

The server has moved on; the page needs a fresh start.